 Dungeon Crawl Stone Soup version 0.21.1-1-g345015f (webtiles) character file.

10705 StCgurps the Geomancer (level 11, -2/65 HPs)
             Began as a Gargoyle Earth Elementalist on Mar 27, 2018.
             Was a Believer of Vehumet.
             Slain by a wraith (7 damage)
             ... led by Josephine
             ... on level 10 of the Dungeon.
             The game lasted 00:38:43 (9636 turns).

StCgurps the Geomancer (GrEE)                       Turns: 9636, Time: 00:38:44

Health: -2/65      AC: 17    Str: 12    XL:     11   Next: 66%
Magic:  38/41      EV: 14    Int: 19    God:    Vehumet [**....]
Gold:   341        SH:  3    Dex: 10    Spells: 17/26 levels left

rFire    . . .     SeeInvis .   O - +11 mace of Annihilation {crush, rPois}
rCold    . . .     Gourm    .   (no shield)
rNeg     + + .     Faith    .   R - +2 robe {rN+}
rPois    ∞         Spirit   .   (no helmet)
rElec    +         Reflect  +   Q - +2 cloak
rCorr    .         Harm     .   r - +0 pair of gloves
MR       .....                  (no boots)
Stlth    ++........             S - +3 amulet of reflection
HPRegen  0.20/turn              f - ring of magical power
MPRegen  0.27/turn              V - ring of magical power

@: slowed, very slow
A: negative energy resistance 1, electricity resistance, unbreathing,
petrification resistance, rot immunity, AC +8
a: Renounce Religion


You were on level 10 of the Dungeon.
You worshipped Vehumet.
Vehumet was pleased with you.
You were not hungry.

You visited 3 branches of the dungeon, and saw 12 of its levels.

You collected 734 gold pieces.
You spent 393 gold pieces at shops.

Inventory:

Hand Weapons
 M - the +2 Maxwell's thermic engine {flame, freeze, rF- rC-}
   (You found it on level 7 of the Dungeon)

   It has been specially enchanted to burn those struck by it, causing extra
   injury to most foes and up to half again as much damage against particularly
   susceptible opponents.
   Big, fiery blades are also staple armaments of hydra-hunters.
   It makes you vulnerable to fire.
   It makes you vulnerable to cold.
 O - the +11 mace of Annihilation (weapon) {crush, rPois}
   (You found it on level 7 of the Dungeon)

   It inflicts extra damage upon your enemies.
   It protects you from poison.
Missiles
 b - 156 stones (quivered)
Armour
 c - a +0 robe
 r - a +0 pair of gloves (worn)
 G - the +1 scale mail "Yposh" {+Blink rElec Str+2}
   (You found it on level 5 of the Dungeon)

   It affects your strength (+2).
   It insulates you from electricity.
   It lets you blink.
 Q - a +2 cloak (worn)
 R - a +2 robe of positive energy (worn)
Jewellery
 f - a ring of magical power (left hand)
 S - a +3 amulet of reflection (around neck)
 V - a ring of magical power (right hand)
Wands
 m - a wand of paralysis (34)
 t - a wand of enslavement (19)
 D - a wand of clouds (5)
 E - a wand of acid (22)
 K - a wand of random effects (66)
 T - a wand of digging (16)
Scrolls
 i - a scroll of blinking
 j - a scroll of fog
 k - 6 scrolls of remove curse
 o - 2 scrolls of fear {unknown}
 w - a scroll of magic mapping
 y - 2 scrolls of immolation {unknown}
 B - a scroll of noise {unknown}
 H - 2 scrolls of enchant weapon {unknown}
 I - 9 scrolls of identify {unknown}
 J - a scroll of random uselessness {unknown}
 U - a scroll of enchant armour {unknown}
 Z - 3 scrolls of summoning {unknown}
Potions
 a - 2 potions of curing
 g - 2 potions of cancellation {unknown}
 h - 2 potions of degeneration {unknown}
 l - a potion of brilliance {unknown}
 n - 3 potions of haste
 q - 2 potions of lignification {unknown}
 s - 3 potions of flight {unknown}
 v - 4 potions of might {unknown}
 z - a potion of experience {unknown}
 C - a potion of invisibility {unknown}
 F - 4 potions of heal wounds {unknown}
 N - 3 potions of agility
 P - 2 potions of magic {unknown}
Books
 e - a book of Geomancy

   Spells                             Type                      Level
   a - Sandblast                      Earth                        1
   b - Passwall                       Transmutation/Earth          2
   c - Stone Arrow                    Conjuration/Earth            3
   d - Petrify                        Transmutation/Earth          4
   e - Lee's Rapid Deconstruction     Earth                        5
 p - a book of Cantrips

   Spells                             Type                      Level
   a - Confusing Touch                Hexes                        1
   b - Animate Skeleton               Necromancy                   1
   c - Summon Small Mammal            Summoning                    1
   d - Apportation                    Translocation                1
 A - a book of Misfortune

   Spells                             Type                      Level
   a - Confusing Touch                Hexes                        1
   b - Confuse                        Hexes                        3
   c - Gell's Gravitas                Translocation                3
   d - Petrify                        Transmutation/Earth          4
   e - Metabolic Englaciation         Hexes/Ice                    5
   f - Yara's Violent Unravelling     Hexes/Transmutation          5
 W - a book of Callings

   Spells                             Type                      Level
   a - Summon Small Mammal            Summoning                    1
   b - Call Imp                       Summoning                    2
   c - Call Canine Familiar           Summoning                    3
   d - Summon Guardian Golem          Hexes/Summoning              3
   e - Summon Lightning Spire         Summoning/Air                4
   f - Summon Ice Beast               Ice/Summoning                4
 X - a book of Cantrips

   Spells                             Type                      Level
   a - Confusing Touch                Hexes                        1
   b - Animate Skeleton               Necromancy                   1
   c - Summon Small Mammal            Summoning                    1
   d - Apportation                    Translocation                1
 Y - a book of Misfortune

   Spells                             Type                      Level
   a - Confusing Touch                Hexes                        1
   b - Confuse                        Hexes                        3
   c - Gell's Gravitas                Translocation                3
   d - Petrify                        Transmutation/Earth          4
   e - Metabolic Englaciation         Hexes/Ice                    5
   f - Yara's Violent Unravelling     Hexes/Transmutation          5
Comestibles
 d - 8 rations


   Skills:
 + Level 6.3 Fighting
 + Level 5.9 Maces & Flails
 + Level 6.4 Armour
 + Level 5.2 Dodging
 - Level 2.4 Stealth
 + Level 8.1 Spellcasting
   Level 0.7 Transmutations
 + Level 10.9 Earth Magic
 + Level 5.3 Evocations


You had 17 spell levels left.
You knew the following spells:

 Your Spells              Type           Power        Failure   Level  Hunger
a - Sandblast             Erth           #####.       1%          1    None
b - Stone Arrow           Conj/Erth      ####..       2%          3    None
c - Lee's Rapid Deconstr  Erth           #####.....   2%          5    #####..


Dungeon Overview and Level Annotations

Branches:
Dungeon (10/15)            Temple (1/1) D:7             Orc (1/2) D:10
   Lair: D:8-11

Altars:
Ashenzari
Cheibriados
Dithmenos
Elyvilon
Fedhas
Gozag
Hepliaklqana
Kikubaaqudgha
Makhleb
Nemelex Xobeh
Okawaru
Qazlal
Ru
Sif Muna
Trog
Uskayaw
Vehumet
Wu Jian
Xom
Yredelemnul
Zin
The Shining One

Shops:
D:4 (   D:8 (*=*(

Annotations:
D:9 Maurice


Innate Abilities, Weirdness & Mutations

You are resistant to torment.
Your stone body is resilient. (AC +8)
You are immune to poison.
You resist negative energy. (rN+)
You are resistant to electric shocks. (rElec)
You can survive without breathing.
You are immune to petrification.
You are immune to rotting.


Message History

Aiming: Sandblast
Press: ? - help, Shift-Dir - straight line, f - wraith
Aim: a wraith (lightly damaged)
The blast of sand hits the wraith.
The wraith is severely damaged.
b - 157 stones The wraith barely misses you.
The wraith hits you.
* * * LOW HITPOINT WARNING * * *
The wraith drains your vigour!
You feel as though you will be slow longer.
Casting: Sandblast
Confirm with . or Enter, or press ? or * to list all spells.
Aiming: Sandblast
Press: ? - help, Shift-Dir - straight line, f/p - wraith
Aim: a wraith (severely damaged)
The blast of sand hits the wraith.
The wraith is severely damaged.
b - 156 stones The wraith hits you!
You die...

..........# #..............#
.<....##### #..#######.....#
.<....# #..#.....#.....#
......# #..#.....'.....#
......# #..#.....#.....#
......# #..#.....#.....#
......# #..#.....#...###
..##############.#####...# ####
###.#.#####@.# #...#####
...###.#.#.#..#.W.####.......#
..#..#.##..###.##...#........#
.###.........##..#.##........#
#####.#.####...###.#######...#
#.#....##..#.##.....#....#...#
#.##.#.#....#.##....#..###...##
#.#####).##........##..'......#
#.# #.#...#.....####..#......#


You could see a wraith.

Vanquished Creatures
  Josephine (D:10)
  3 two-headed ogres
  Pikel (D:7)
  A cyclops (D:8)
  A manticore (D:10)
  Psyche (D:8)
  2 trolls
  A hornet (D:8)
  2 hippogriffs
  5 yaks (D:5)
  A steam dragon (D:9)
  3 hungry ghosts
  A soldier ant (D:8)
  Duvessa (D:6)
  A water moccasin (D:5)
  A slave (D:7)
  3 sky beasts
  3 orc warriors
  3 ice beasts
  3 phantoms
  A necrophage (D:9)
  6 ogres
  5 centaurs
  Blork the orc (D:4)
  2 bullfrogs
  Dowan (D:6)
  A wyvern skeleton (D:10)
  2 troll zombies (D:10)
  4 howler monkeys
  3 crimson imps
  3 bullfrog zombies
  A centaur zombie (D:7)
  A quasit (D:8)
  Crazy Yiuf (D:7)
  2 hounds
  3 orc priests
  3 jellies
  4 orc wizards
  2 bullfrog skeletons
  3 iguanas
  Natasha (thrice) (D:4)
  8 worker ants
  4 ogre zombies (D:10)
  A hound zombie (D:5)
  A hound skeleton (D:5)
  A howler monkey zombie (D:8)
  3 worker ant zombies
  A howler monkey skeleton (D:8)
  9 adders
  2 shadow imps (D:5)
  5 worms
  A dart slug (D:1)
  3 leopard geckos
  27 orcs
  4 ball pythons
  4 giant cockroaches
  9 goblins
  8 hobgoblins
  6 jackals
  8 kobolds
  4 quokkas
  A ball python zombie (D:5)
  7 bats
  4 frilled lizards
  A giant cockroach zombie (D:5)
  A goblin skeleton (D:10)
  4 goblin zombies (D:10)
  2 hobgoblin skeletons (D:10)
  2 hobgoblin zombies (D:10)
  An orc skeleton (D:10)
  8 orc zombies (D:10)
  10 rats
240 creatures vanquished.

Vanquished Creatures (others)
  A human (D:9)
  A centaur (D:7)
  A hound zombie (D:9)
  3 jackals (D:7)
6 creatures vanquished.

Grand Total: 246 creatures vanquished

Notes
Turn   | Place    | Note
-------+----------+-------------------------------------------
     0 | D:1      | StCgurps the Gargoyle Earth Elementalist began the quest for the Orb.
     0 | D:1      | Reached XP level 1. HP: 10/10 MP: 3/3
    79 | D:1      | Reached XP level 2. HP: 11/15 MP: 0/5
   208 | D:1      | Reached skill level 4 in Earth Magic
   404 | D:1      | Reached XP level 3. HP: 18/19 MP: 6/6
   908 | D:2      | Reached XP level 4. HP: 24/24 MP: 8/8
  1408 | D:3      | Reached skill level 5 in Earth Magic
  1569 | D:3      | Found a deep blue altar of Sif Muna.
  1623 | D:3      | Reached XP level 5. HP: 28/28 MP: 10/10
  1678 | D:3      | Noticed a centaur
  1687 | D:3      | Killed a centaur
  2312 | D:4      | Noticed Natasha
  2321 | D:4      | Killed Natasha
  2321 | D:4      | Reached skill level 6 in Earth Magic
  2321 | D:4      | Reached XP level 6. HP: 26/32 MP: 12/12
  2588 | D:4      | Found Nyzel's Antique Weapon Shop.
  2597 | D:4      | Bought a runed mace for 174 gold pieces
  2633 | D:4      | Noticed Blork the orc
  2640 | D:4      | Killed Blork the orc
  2815 | D:4      | Reached skill level 7 in Earth Magic
  2815 | D:4      | Reached XP level 7. HP: 36/36 MP: 14/14
  2884 | D:4      | Found an iron altar of Okawaru.
  2884 | D:4      | Noticed Natasha
  2888 | D:4      | Killed Natasha
  3200 | D:4      | Noticed Natasha
  3205 | D:4      | Killed Natasha
  3205 | D:4      | Reached skill level 5 in Spellcasting
  3218 | D:5      | Entered Level 5 of the Dungeon
  3233 | D:5      | Learned a level 3 spell: Stone Arrow
  3239 | D:5      | Learned a level 5 spell: Lee's Rapid Deconstruction
  3429 | D:5      | Reached skill level 8 in Earth Magic
  3521 | D:5      | Got a shimmering scale mail
  3532 | D:5      | Identified the +1 scale mail "Yposh" {+Blink rElec Str+2} (You found it on level 5 of the Dungeon)
  3566 | D:5      | Reached XP level 8. HP: 34/41 MP: 16/16
  3719 | D:5      | Reached skill level 1 in Fighting
  3719 | D:5      | Reached skill level 1 in Maces & Flails
  3719 | D:5      | Reached skill level 1 in Armour
  3726 | D:5      | Found an ornate altar of the Wu Jian Council.
  3790 | D:5      | Reached skill level 1 in Evocations
  3850 | D:5      | Noticed a yak
  3850 | D:5      | Noticed a yak
  3852 | D:5      | Noticed a yak
  3855 | D:5      | Killed a yak
  3856 | D:5      | Noticed a yak
  3856 | D:5      | Noticed a yak
  3865 | D:5      | Killed a yak
  3866 | D:5      | HP: 1/44 [yak (12)]
  3868 | D:5      | Killed a yak
  3868 | D:5      | Reached XP level 9. HP: 1/49 MP: 4/18
  3876 | D:5      | Reached skill level 9 in Earth Magic
  4072 | D:5      | Found a shadowy altar of Dithmenos.
  4459 | D:6      | Noticed Dowan
  4460 | D:6      | Noticed Duvessa
  4469 | D:6      | Killed Duvessa
  4482 | D:6      | Killed Dowan
  4524 | D:6      | Found a burning altar of Makhleb.
  4705 | D:6      | Found a stormy altar of Qazlal.
  4905 | D:7      | Found the +2 Maxwell's thermic engine {flame, freeze, rF- rC-}
  4948 | D:7      | Noticed Pikel
  4950 | D:7      | Killed Pikel
  5240 | D:7      | Found a sacrificial altar of Ru.
  5246 | D:7      | Reached XP level 10. HP: 53/56 MP: 11/20
  5285 | D:7      | Found an ornate altar of the Wu Jian Council.
  5504 | D:7      | Got a jewelled mace
  5505 | D:7      | Identified the +11 mace of Annihilation {crush, rPois} (You found it on level 7 of the Dungeon)
  5511 | D:7      | Found a runed door.
  5597 | D:7      | Found a glowing silver altar of Zin.
  5860 | D:7      | Found a staircase to the Ecumenical Temple.
  5867 | Temple   | Entered the Ecumenical Temple
  5907 | Temple   | Became a worshipper of Vehumet
  6109 | D:7      | Noticed Crazy Yiuf
  6111 | D:7      | Killed Crazy Yiuf
  6297 | D:8      | Noticed Psyche
  6300 | D:8      | Found Wiasiung's Jewellery Boutique.
  6315 | D:8      | Paralysed by Psyche for 4 turns
  6321 | D:8      | Killed Psyche
  6355 | D:8      | Found Cotaubo's Weapon Emporium.
  6392 | D:8      | Bought a +3 amulet of reflection for 219 gold pieces
  6419 | D:8      | Found a stormy altar of Qazlal.
  6554 | D:8      | Reached * piety under Vehumet
  6554 | D:8      | Offered knowledge of Magic Dart by Vehumet.
  6658 | D:8      | Noticed a cyclops
  6664 | D:8      | Killed a cyclops
  6664 | D:8      | Reached skill level 5 in Armour
  6664 | D:8      | Reached skill level 10 in Earth Magic
  6818 | D:8      | Found Keofaff's Antique Weapon Emporium.
  6906 | D:8      | Found Licsad's Assorted Antiques.
  6980 | D:8      | Found Wifoic's General Store.
  7015 | D:8      | Reached skill level 5 in Fighting
  7020 | D:8      | Found a hazy altar of Hepliaklqana.
  7160 | D:9      | Found a runed door.
  7164 | D:9      | Found a basalt altar of Yredelemnul.
  7316 | D:9      | Noticed a two-headed ogre
  7324 | D:9      | Killed a two-headed ogre
  7324 | D:9      | Reached skill level 5 in Maces & Flails
  7324 | D:9      | Reached XP level 11. HP: 9/64 MP: 7/22
  7506 | D:9      | Found an ancient bone altar of Kikubaaqudgha.
  7547 | D:9      | Noticed a two-headed ogre
  7555 | D:9      | Killed a two-headed ogre
  7831 | D:9      | Noticed Maurice
  8049 | D:10     | Entered Level 10 of the Dungeon
  8199 | D:10     | Reached ** piety under Vehumet
  8199 | D:10     | Offered knowledge of Throw Flame by Vehumet.
  8392 | D:10     | Found a staircase to the Orcish Mines.
  8573 | D:10     | Reached skill level 5 in Dodging
  8602 | D:10     | Noticed a two-headed ogre
  8608 | D:10     | Killed a two-headed ogre
  8608 | D:10     | Reached skill level 5 in Evocations
  8958 | D:10     | Noticed a manticore
  8963 | D:10     | Killed a manticore
  9299 | Orc:1    | Entered Level 1 of the Orcish Mines
  9299 | Orc:1    | Noticed Josephine
  9490 | D:10     | Offered knowledge of Mephitic Cloud by Vehumet.
  9495 | D:10     | Killed Josephine
  9633 | D:10     | HP: 2/65 [wraith[Josephine] (10)]
  9636 | D:10     | Slain by a wraith

Skill      XL: |  1  2  3  4  5  6  7  8  9 10 11 |
---------------+----------------------------------+-----
Earth Magic    | 4 5 6 7 8 9 10 | 10.9
Spellcasting   | 3 4 5 6 7 8 |  8.1
Dodging        | 2 3 4 5 |  5.2
Fighting       | 2 4 5 6 |  6.3
Maces & Flails | 2 3 5 |  5.9
Armour         | 2 4 5 6 |  6.4
Evocations     | 1 3 4 5 |  5.3
Stealth        | |  2.4
Transmutations | |  0.7

Action                   |  1- 3 |  4- 6 |  7- 9 | 10-12 || total
-------------------------+-------+-------+-------+-------++-------
Melee: Unarmed           |     1 |       |       |       ||     1
       Short sword       |       |   108 |       |       ||   108
       Mace              |       |     4 |    86 |   153 ||   243
 Cast: Sandblast         |    56 |    26 |    44 |    46 ||   172
       Stone Arrow       |       |       |    48 |   120 ||   168
       Lee's Rapid Decon |       |       |     5 |     4 ||     9
  Use: Potion            |       |       |     2 |     2 ||     4
       Scroll            |       |       |       |     8 ||     8
 Stab: Sleeping          |       |       |     1 |     1 ||     2
       Invisible         |       |       |       |     1 ||     1
  Eat: Ration            |     1 |     1 |     3 |     6 ||    11
       Chunk             |       |       |     2 |       ||     2
Armor: Robe              |    12 |    42 |    56 |   122 ||   232
       Scale mail        |       |       |    14 |       ||    14
Dodge: Dodged            |    25 |    84 |    75 |   194 ||   378
Block: Other             |       |       |       |    32 ||    32
